 Dungeon Crawl Stone Soup version 0.20-a0-927-g1ae2c61 (webtiles) character file.

736 Ijustatesigmund the Slasher (level 7, 0/58 HPs)
             Began as a Barachi Fighter on Mar 29, 2017.
             Succumbed to a worker ant's poison
             ... on level 4 of the Dungeon.
             The game lasted 00:11:38 (3955 turns).

Ijustatesigmund the Slasher (Barachi Fighter)       Turns: 3955, Time: 00:11:38

Health: 0/58       AC:  4    Str: 22    XL:     7   Next: 74%
Magic:  7/7        EV: 10    Int:  8    God:
Gold:   161        SH: 10    Dex: 14    Spells: 6/6 levels left

rFire    . . .     SeeInvis +   a - +0 long sword
rCold    . . .     Gourm    .   c - +0 shield
rNeg     . . .     Faith    .   q - +1 leather armour {MR+}
rPois    .         Spirit   .   (no helmet)
rElec    .         Reflect  .   (no cloak)
rCorr    .         Harm     .   (no gloves)
MR       +....                  (no boots)
Stlth    +.........             (no amulet)
Regen    0.2/turn               k - ring of see invisible
MPRegen  0.1/turn               (no ring)

@: mighty, lethally poisoned (0 -> -1), slow
A: +LOS, swims, slowness 1, strong legs 1
a: Hop


You were on level 4 of the Dungeon.
You were not hungry.

You visited 1 branch of the dungeon, and saw 4 of its levels.
You also visited: Sewer.

You collected 161 gold pieces.

Inventory:

Hand Weapons
 a - a +0 long sword (weapon)
Armour
 c - a +0 shield (worn)
 q - a +1 leather armour of magic resistance (worn)
Jewellery
 k - a ring of see invisible (left hand)
Scrolls
 i - 3 scrolls of identify
 j - a scroll of immolation
 l - 2 scrolls of remove curse
 m - a scroll of amnesia
 o - a scroll of teleportation
 p - a scroll of fog
 r - 3 scrolls of magic mapping
 s - 2 scrolls of recharging
 t - a scroll of blinking {unknown}
Potions
 e - a potion of flight
Comestibles
 f - 5 bread rations
 g - 4 meat rations
 h - 2 royal jellies


   Skills:
 + Level 6.2 Fighting
 + Level 6.7 Long Blades
 + Level 4.9 Armour
 - Level 2.6 Dodging
 + Level 4.4 Shields


You had 6 spell levels left.
You didn't know any spells.

Dungeon Overview and Level Annotations

Branches:
Dungeon (4/15)             Temple (0/1) D:4

Altars:
Fedhas
Kikubaaqudgha
Vehumet

Annotations:
D:4 Ijustatesigmund's ghost, novice BaFi


Innate Abilities, Weirdness & Mutations

Shadows flee at your approach. (+LOS)
You can swim through water.
You cover ground slowly.
You can hop short distances.


Message History

You slice the worker ant!!
You kill the worker ant!
* * * LOW HITPOINT WARNING * * *
You feel sick.
You see here a worker ant corpse.
* * * LOW HITPOINT WARNING * * *
You feel sick.
* * * LOW HITPOINT WARNING * * *
You feel sick.
A frilled lizard comes into view.
* * * LOW HITPOINT WARNING * * *
You feel sick.
The frilled lizard hisses angrily.
* * * LOW HITPOINT WARNING * * *
You feel sick.
You see here a worker ant corpse.
* * * LOW HITPOINT WARNING * * *
You feel sick.
Found a stone staircase leading down.
You die...

####### ####.....#
***#........##
******,,..........#
,,,,,,,,..........#
,,,,,,,,......(...##
,,,,,,,,...........#
,,,,,,,,...........#
,,,,,,,,........@..#
,,,,,,,,..>........##
,,,,,,,,............#
,,,,,,,,............#
,,,,,,,,............#
,,,,,,,,.........l..#
,,,,,,,,...........†#
,,,,,,,,............#
,,,,,,,,............#


You could see a frilled lizard.

Vanquished Creatures
  2 bullfrogs (Sewer)
  A bullfrog zombie (D:3)
  An orc priest (D:4)
  A gnoll shaman (D:4)
  Natasha (thrice) (D:2)
  An orc wizard (D:4)
  A worker ant (D:4)
  8 gnolls (D:4)
  11 adders
  7 river rats (Sewer)
  A shadow imp (D:4)
  2 oozes (Sewer)
  An adder skeleton (D:4)
  5 worms
  3 dart slugs (D:1)
  5 leopard geckos
  7 orcs
  14 ball pythons
  6 giant cockroaches
  5 goblins
  5 hobgoblins
  7 jackals
  2 quokkas (D:2)
  8 bats
  2 frilled lizards (D:3)
  7 kobolds
  30 rats
146 creatures vanquished.

Notes
Turn   | Place    | Note
-------+----------+-------------------------------------------
     0 | D:1      | Ijustatesigmund the Barachi Fighter began the quest for the Orb.
     0 | D:1      | Reached XP level 1. HP: 18/18 MP: 1/1
   171 | D:1      | Reached XP level 2. HP: 25/25 MP: 2/2
   354 | D:1      | Reached XP level 3. HP: 30/30 MP: 3/3
   668 | D:2      | Reached skill level 1 in Dodging
   739 | D:2      | Noticed Natasha
   747 | D:2      | Killed Natasha
   747 | D:2      | Reached XP level 4. HP: 22/37 MP: 4/4
   995 | D:2      | Noticed Natasha
  1009 | D:2      | Killed Natasha
  1320 | D:2      | Found an ancient bone altar of Kikubaaqudgha.
  1330 | D:2      | Noticed Natasha
  1345 | D:2      | Killed Natasha
  1345 | D:2      | Reached skill level 5 in Long Blades
  1345 | D:2      | Reached XP level 5. HP: 9/43 MP: 5/5
  1584 | D:2      | Found a radiant altar of Vehumet.
  2248 | D:3      | Reached XP level 6. HP: 50/50 MP: 6/6
  2524 | D:3      | Reached skill level 5 in Fighting
  2556 | D:3      | Found a blossoming altar of Fedhas.
  2652 | D:4      | Noticed Ijustatesigmund's ghost (novice BaFi)
  2931 | D:4      | Found a glowing drain.
  2935 | Sewer    | Entered a sewer
  3183 | Sewer    | Reached XP level 7. HP: 56/56 MP: 7/7
  3894 | D:4      | HP: 2/58 [orc/falchion (2)]
  3943 | D:4      | HP: 2/58 [poisoned by a worker ant]
  3949 | D:4      | HP: 1/58 [poisoned by a worker ant]
  3955 | D:4      | Succumbed to a worker ant's poison

Vault maps used:
D:1:      minmay_arrival_four_loops
D:2:      gammafunk_temple_overflow_pools, uniq_natasha
D:3:      fedhas_altar_3, first_bread
D:4:      kennysheep_slug_shrine, minmay_temple_entry_enclosed_plants,
          gup_sewer_entry_spiral, grunt_ministairs_14, minivault_24,
          minmay_misc_feat_roman
Sewer:    sewer_minmay_w

Skill      XL: |  1  2  3  4  5  6  7 |
---------------+----------------------+-----
Long Blades    | 3 4 5 6 |  6.7
Dodging        | 1 2 |  2.6
Fighting       | 4 5 6 |  6.2
Armour         | 4 |  4.9
Shields        | 4 |  4.4

Action                   |  1- 3 |  4- 6 |  7- 9 || total
-------------------------+-------+-------+-------++-------
Melee: Long sword        |    88 |   249 |    72 ||   409
Throw: Javelin           |       |       |     2 ||     2
 Abil: Hop               |       |       |     2 ||     2
  Use: Scroll            |     4 |     3 |     3 ||    10
       Potion            |       |     1 |    11 ||    12
 Stab: Sleeping          |       |     2 |       ||     2
  Eat: Chunk             |       |     7 |     3 ||    10
       Royal jelly       |       |     1 |       ||     1
Armor: Scale mail        |    32 |    34 |       ||    66
       Leather armour    |       |    17 |    41 ||    58
Dodge: Dodged            |    30 |    80 |    65 ||   175
Block: Shield            |    53 |   115 |    75 ||   243
       Rpst.: Long sword |     6 |    31 |    20 ||    57
